 Dungeon Crawl Stone Soup version 0.25.1-1-g288607f (webtiles) character file.

Game seed: 15396671684540475946

213 RonnieColeman the Conjurer (level 5, -1/31 HPs)
             Began as an Octopode Conjurer on Aug 20, 2020.
             Hit by a boomerang thrown by an orc warrior (10 damage)
             ... on level 3 of the Dungeon.
             The game lasted 00:05:40 (3050 turns).

RonnieColeman the Conjurer (Octopode Conjurer)      Turns: 3050, Time: 00:05:40

Health: -1/31      AC:  1    Str:  8    XL:     5   Next: 90%
Magic:  16/20      EV: 13    Int: 18    God:
Gold:   97         SH:  0    Dex: 12    Spells: 12/13 levels left

rFire    . . .     SeeInvis .   g - +0 spear
rCold    . . .     Gourm    .   (no shield)
rNeg     . . .     Faith    .   (helmet restricted)
rPois    .         Spirit   .   (no amulet)
rElec    .         Reflect  .   i - ring of magical power
rCorr    .         Harm     .   (no ring)
MR       .....                  (no ring)
Stlth    +++.......             (no ring)
HPRegen  0.10/turn              (no ring)
MPRegen  0.17/turn              (no ring)
                                (no ring)
                                (no ring)

@: no status effects
A: almost no armour, stealthy swim, amphibious, 8 rings, constrict 8, camouflage
1, gelatinous body 1
a: no special abilities


You were on level 3 of the Dungeon.
You were not hungry.

You visited 1 branch of the dungeon, and saw 4 of its levels.

You collected 97 gold pieces.

Inventory:

Hand Weapons
 g - a +0 spear (weapon)
Jewellery
 i - a ring of magical power (left tentacle)
Wands
 e - a wand of paralysis (6)
 m - a wand of disintegration (14)
Scrolls
 c - a scroll of random uselessness {unknown}
 j - a scroll of fog {unknown}
 k - a scroll of blinking
 l - a scroll of identify {unknown}
 n - a scroll of fear
Potions
 a - a potion of heal wounds {unknown}
 d - a potion of ambrosia {unknown}
 f - a potion of stabbing {unknown}
 h - a potion of cancellation {unknown}
Comestibles
 b - 3 rations


   Skills:
 - Level 2.0 Dodging
 - Level 2.6 Stealth
 * Level 4.6 Spellcasting
 + Level 5.1 Conjurations


You had 12 spell levels left.
You knew the following spells:

 Your Spells              Type           Power        Failure   Level  Hunger
a - Magic Dart            Conj           ###.         1%          1    None

Your spell library contained the following spells:

 Spells                   Type           Power        Failure   Level  Hunger
 Searing Ray              Conj           ###...       2%          2    #......
 Dazzling Flash           Conj/Hex       ##....       14%         3    ###....
 Fulminant Prism          Conj/Hex       ##........   43%         4    ####...
 Iskenderun's Mystic Bla  Conj/Tloc      ##......     43%         4    ####...


Dungeon Overview and Level Annotations

Branches:
Dungeon (4/15)
 Temple: D:4-7

Altars:
Yredelemnul


Innate Abilities, Weirdness & Mutations

You cannot wear most types of armour.
You are very stealthy in the water. (Stealth+)
You are amphibious.
You can wear up to eight rings at the same time.
You can use your tentacles to constrict eight enemies at once.
Your skin changes colour to match your surroundings (Stealth+).
Your rubbery body absorbs attacks. (AC +1, EV +1)


Message History

The weapon returns to the orc warrior!
The orc warrior throws a boomerang.
The boomerang barely misses you.
The weapon returns to the orc warrior!
The orc warrior throws a boomerang.
The boomerang barely misses you.
The weapon returns to the orc warrior!
The orc warrior throws a boomerang.
The boomerang closely misses you.
The weapon returns to the orc warrior!
All of the chunks of flesh in your inventory have rotted away.
Things that are here:
a +0 spear; a gnoll skeleton
Things that are here:
a +0 whip; a gnoll skeleton; a rat skeleton
Things that are here:
a +0 halberd; a gnoll skeleton The orc warrior throws a boomerang.
The boomerang barely misses you.
The weapon returns to the orc warrior!
A bat comes into view.
There is a stone staircase leading down here.
The orc warrior throws a boomerang.
The boomerang hits you!
You die...

#. #. #.
##################.
..[o..!.o..........
###############....
######.##.
#.#############.).)).##.
#.b....@......o.#######.
...############## #. #.
#. .. .#


You could see an orc warrior and a bat.

Vanquished Creatures
  A centaur skeleton (D:4)
  6 adders
  5 gnolls
  A howler monkey skeleton (D:4)
  An ooze (D:1)
  A worm (D:4)
  2 dart slugs (D:2)
  3 leopard geckos
  6 orcs (D:4)
  4 bats
  5 giant cockroaches
  5 goblins
  2 hobgoblins
  4 jackals (D:3)
  2 ball pythons (D:2)
  3 frilled lizards
  2 kobolds
  5 rats
58 creatures vanquished.

Notes
Turn   | Place    | Note
-------+----------+-------------------------------------------
     0 | D:1      | RonnieColeman the Octopode Conjurer began the quest for the
                  | Orb.
     0 | D:1      | Reached XP level 1. HP: 11/11 MP: 3/3
   259 | D:1      | Reached XP level 2. HP: 13/17 MP: 5/5
  1106 | D:2      | Reached XP level 3. HP: 14/21 MP: 1/7
  1508 | D:2      | Reached XP level 4. HP: 19/27 MP: 5/9
  1970 | D:2      | Found a basalt altar of Yredelemnul.
  2065 | D:2      | You fall into a shaft and drop 2 floors!
  2433 | D:4      | Reached XP level 5. HP: 7/31 MP: 11/11
  2581 | D:4      | Reached skill level 5 in Conjurations
  3017 | D:3      | Noticed an orc warrior
  3050 | D:3      | Hit by a boomerang thrown by an orc warrior

Illustrated notes

Levels and vault maps discovered:
D:1:      minmay_arrival_hallway, layout_rooms
D:2:      layout_basic, lemuel_crystal_altar, amethyst_killhole
D:3:      layout_rooms, nicolae_tso_swordbearing_angel,
          overflow_temple_1_default, first_ration
D:4:      minmay_bubble_buster, layout_rooms, grunt_decor_resistance,
          minmay_cupped

Skill      XL: |  1  2  3  4  5 |
---------------+----------------+-----
Spellcasting   | 3 4 |  4.6
Conjurations   | 5 |  5.1
Dodging        | |  2.0
Stealth        | |  2.6

Action                   |  1- 3 |  4- 6 || total
-------------------------+-------+-------++-------
Melee: Unarmed           |    17 |       ||    17
       Constrict         |    10 |     9 ||    19
       Club              |    11 |       ||    11
       Tentacles         |     5 |     7 ||    12
       Dagger            |     9 |     3 ||    12
       Spear             |       |    39 ||    39
 Cast: Magic Dart        |    32 |    89 ||   121
  Use: Scroll            |     3 |       ||     3
 Stab: Sleeping          |     2 |     1 ||     3
       Distracted        |       |     1 ||     1
  Eat: Chunk             |       |     7 ||     7
Armor: Skin              |    12 |     2 ||    14
Dodge: Dodged            |    71 |    37 ||   108
